[Event "FEDA International IM 2020"]
[Site "La Palma"]
[Date "2020.11.30"]
[Round "1.1"]
[White "Adla, Diego"]
[Black "Vergara Anton, Diego"]
[Result "1/2-1/2"]
[ECO "A06"]
[WhiteElo "2433"]
[BlackElo "2177"]
[Annotator "ChessBase"]
[PlyCount "81"]
[EventDate "2020.11.29"]
[EventType "tourn"]
[EventCountry "ESP"]
[SourceTitle "playchess.com"]
[Source "ChessBase"]
[SourceQuality "1"]
[TimeControl "40/5400+30:1800+30"]

1. Nf3 d5 2. c4 e6 3. e3 Nf6 4. b3 c5 5. Bb2 Nc6 6. cxd5 exd5 7. Bb5 Be7 8. O-O Qb6 9. Be2 O-O 10. d4 cxd4 11. Nxd4 Be6 12. Nd2 Rac8 13. Rc1 Rfd8 14. Nxe6 fxe6 15. Bg4 Nb4 16. Rxc8 Rxc8 17. Bh3 Qd6 18. a3 Nd3 19. Bd4 Rc1 20. Qe2 Rxf1+ 21. Qxf1 Ne5 22. b4 Nc6 23. Bc5 Qd7 24. Qc1 Bxc5 25. Qxc5 a6 26. g3 Kf7 27. Nb3 Ne4 28. Qb6 Nd8 29. Bg2 Qd6 30. Qd4 Nf6 31. Nc5 Ke7 32. f4 Qc6 33. h3 b6 34. Nxa6 Qc1+ 35. Kh2 Qxa3 36. Qxb6 Nd7 37. Qa7 Nc6 38. Qb7 Nd8 39. Qa7 Nc6 40. Qb7 Nd8 41. Qa7 1/2-1/2

[Event "FEDA International IM 2020"]
[Site "La Palma"]
[Date "2020.11.30"]
[Round "1.4"]
[White "Quispe Arteaga, Gabriel"]
[Black "Hernandez, Cristian Andres"]
[Result "0-1"]
[ECO "A06"]
[WhiteElo "2397"]
[BlackElo "2322"]
[Annotator "ChessBase"]
[PlyCount "116"]
[EventDate "2020.11.29"]
[EventType "tourn"]
[EventCountry "ESP"]
[SourceTitle "playchess.com"]
[Source "ChessBase"]
[SourceQuality "1"]
[TimeControl "40/5400+30:1800+30"]

1. Nf3 d5 2. e3 Nf6 3. b3 Bf5 4. Be2 h6 5. Bb2 e6 6. Ne5 Be7 7. d3 Nbd7 8. Nxd7 Qxd7 9. Nd2 c5 10. a4 O-O 11. g4 Bh7 12. h4 d4 13. e4 Qc7 14. g5 hxg5 15. hxg5 Nd7 16. Rg1 Ne5 17. Bh5 g6 18. Be2 f5 19. f4 Nc6 20. e5 Kg7 21. Bf3 Bg8 22. Qe2 Bf7 23. Rh1 Rh8 24. O-O-O Rag8 25. Qg2 Be8 26. Nc4 b6 27. Kb1 a6 28. Na3 Na5 29. Nc4 Nc6 30. Na3 Nb4 31. c3 dxc3 32. Bxc3 b5 33. axb5 axb5 34. Nc2 Nxc2 35. Qxc2 Bc6 36. Qg2 Bxf3 37. Qxf3 c4 38. Rxh8 Rxh8 39. dxc4 bxc4 40. b4 Qa7 41. Qc6 Kf7 42. Qxc4 Qa4 43. Rc1 Rb8 44. Qa2 Qc6 45. Bd2 Qe4+ 46. Qc2 Qd4 47. Qb2 Qe4+ 48. Qc2 Qd5 49. Rd1 Rb7 50. Bc3 Qc4 51. Rd4 Qf1+ 52. Kb2 Bc5 53. Qd1 Qb5 54. Qh1 Bxd4 55. Qh7+ Kf8 56. Qh8+ Ke7 57. Qf6+ Kd7 58. Qg7+ Kc6 0-1

[Event "FEDA International IM 2020"]
[Site "La Palma"]
[Date "2020.11.30"]
[Round "1.5"]
[White "Habans Aguerrea, Javier"]
[Black "Alonso Garcia, Aaron"]
[Result "1-0"]
[ECO "E11"]
[WhiteElo "2269"]
[BlackElo "2258"]
[Annotator "ChessBase"]
[PlyCount "89"]
[EventDate "2020.11.29"]
[EventType "tourn"]
[EventCountry "ESP"]
[SourceTitle "playchess.com"]
[Source "ChessBase"]
[SourceQuality "1"]
[TimeControl "40/5400+30:1800+30"]

1. d4 Nf6 2. c4 e6 3. Nf3 Bb4+ 4. Bd2 c5 5. g3 O-O 6. Bxb4 cxb4 7. Bg2 a5 8. O-O d6 9. a3 Na6 10. axb4 axb4 11. b3 Re8 12. Qc2 Qc7 13. Nbd2 Bd7 14. Qb2 Bc6 15. Rfd1 Qb8 16. Rac1 e5 17. e3 e4 18. Ng5 h6 19. Nh3 Qd8 20. Nf4 Bd7 21. h3 Nc7 22. Ra1 Rxa1 23. Qxa1 Na6 24. Rc1 Bf5 25. Kh2 g5 26. Nd5 Bg6 27. Qa4 Nxd5 28. cxd5 Re7 29. Qb5 f5 30. Nc4 Kf8 31. Bf1 Rc7 32. Qb6 Ke7 33. Ne5 Be8 34. Rd1 Rc2 35. Qxb7+ Nc7 36. Bc4 Rxf2+ 37. Kg1 Ra2 38. Rf1 Bd7 39. Rxf5 dxe5 40. d6+ Kxd6 41. dxe5+ Kc5 42. e6+ Kd6 43. Qxb4+ Kc6 44. Rc5+ Kd6 45. Rb5+ 1-0